 Dungeon Crawl Stone Soup version 0.26-a0-1013-gf6ffb0d6bd (webtiles) character file.

Game seed: 5061273388636657113

3259 sahdkjhfkaj the Slicer (level 10, -18/59 HPs)
             Began as a Kobold Earth Elementalist on Dec 7, 2020.
             Was an Initiate of Gozag.
             Demolished by an orc warrior
             ... wielding a +0 dire flail
              (25 damage)
             ... on level 8 of the Dungeon.
             The game lasted 00:22:02 (13517 turns).

sahdkjhfkaj the Slicer (Kobold Earth Elementalist) Turns: 13517, Time: 00:22:02

Health: -18/59     AC:  5    Str: 11    XL:     10   Next: 19%
Magic:  2/13       EV: 19    Int: 22    God:    Gozag
Gold:   627        SH:  0    Dex: 23    Spells: 1/13 levels left

rFire    . . .     SeeInvis .   a - +3 dagger of the Unliving {freeze, rC+ Int+3}
rCold    + . .     Faith    .   (shield restricted)
rNeg     . . .     Spirit   .   k - +1 robe {Will+}
rPois    .         Reflect  .   (no helmet)
rElec    .         Harm     .   u - +0 cloak
rCorr    .         Rampage  .   p - +0 pair of gloves
Will     +....                  (no boots)
Stlth    ++++......             (no amulet)
HPRegen  0.00/turn              i - +6 ring of dexterity
MPRegen  0.13/turn              s - +6 ring of strength

@: about to teleport, very slightly contaminated
A: small, nightstalker 3, inhibited regeneration
a: Potion Petition, Call Merchant, Bribe Branch, Renounce Religion


You were on level 8 of the Dungeon.
You worshipped Gozag.
Gozag was pleased with you.
You visited 2 branches of the dungeon, and saw 9 of its levels.

You collected 817 gold pieces.
You paid 190 gold pieces to Gozag.

Inventory:

Hand Weapons
 a - the +3 dagger of the Unliving (weapon) {freeze, rC+ Int+3}
   (You found it on level 6 of the Dungeon)

   It has been specially enchanted to freeze those struck by it, causing extra
   injury to most foes and up to half again as much damage against particularly
   susceptible opponents.
   It can also slow down cold-blooded creatures.
   It affects your intelligence (+3).
   It protects you from cold.
Missiles
 b - 204 stones
Armour
 k - a +1 robe of willpower (worn)
 p - a +0 pair of gloves (worn)
 u - a +0 cloak (worn)
Jewellery
 i - a +6 ring of dexterity (left hand)
 o - an uncursed ring of ice
 s - a +6 ring of strength (right hand)
Wands
 n - a wand of disintegration (14)
 x - a wand of random effects (13)
 y - a wand of flame (1)
Scrolls
 f - 2 scrolls of noise {!r}
 h - 3 scrolls of remove curse {!r}
 A - a scroll of fog {!r}
Potions
 c - 3 potions of might {!q}
 d - 9 potions of curing {!q}
 e - 3 potions of flight {!q}
 g - a potion of heal wounds {!q}
 j - a potion of ambrosia {!q, unknown}
 l - 3 potions of lignification {!q}
 q - a potion of haste {!q, unknown}
 r - a potion of mutation {!q, unknown}
 t - a potion of berserk rage {!q, unknown}
 w - a potion of brilliance {!q, unknown}
 z - a potion of magic {!q, unknown}
 B - a potion of degeneration {!q, unknown}


   Skills:
 - Level 5.0 Fighting
 - Level 12.0 Short Blades
 - Level 5.0 Dodging
 - Level 2.6 Stealth
 + Level 4.1 Shields
 - Level 2.1 Spellcasting
 - Level 1.0 Transmutations
 - Level 5.0 Earth Magic
 - Level 5.0 Evocations


You had one spell level left.
You knew the following spells:

 Your Spells              Type           Power        Failure   Level
a - Sandblast             Erth           ###...       1%          1
c - Passwall              Tmut/Erth      ###.....     6%          2
d - Petrify               Tmut/Erth      ###.....     36%         4
e - Lee's Rapid Deconstr  Erth           ###.......   43%         5

Your spell library contained the following spells:

 Spells                   Type           Power        Failure   Level
 Beastly Appendage        Tmut           #.....       9%          1
 Wereblood                Tmut           #.......     14%         2
 Stone Arrow              Conj/Erth      ##....       14%         3
 Spider Form              Tmut/Pois      #.........   32%         3
 Ice Form                 Ice/Tmut       #.......     73%         4
 Blade Hands              Tmut           #.........   94%         5


Dungeon Overview and Level Annotations

Branches:
Dungeon (8/15)             Temple (1/1) D:5
   Lair: D:8-11

Altars:
Ashenzari
Cheibriados
Dithmenos
Elyvilon
Fedhas
Gozag
Hepliaklqana
Kikubaaqudgha
Makhleb
Nemelex Xobeh
Okawaru
Ru
Sif Muna
Trog
Vehumet
Xom
Yredelemnul
Zin

Shops:
D:6 *

Annotations:
D:7 3 runed translucent doors, streetpizza's ghost, novice DrCj


Innate Abilities, Weirdness & Mutations

You are small and have problems with some larger weapons.
You are completely attuned to the shadows.
You do not regenerate when monsters are visible.


Message History

Really read
m - a scroll labelled QYB YH VUWETIT {!r}?
As you read the scroll labelled QYB YH VUWETIT {!r}, it crumbles to dust.
It is a scroll of amnesia.
Really abort (and waste the scroll)?
Okay, then.
The worker ant closely misses you. The bullfrog hits you.
* * * LOW HITPOINT WARNING * * *
The orc warrior hits you with a +0 dire flail!!
* * * LOW HITPOINT WARNING * * *
The worker ant barely misses you.
Really read
v - a scroll labelled WEUHYK VOUM {!r}?
As you read the scroll labelled WEUHYK VOUM {!r}, it crumbles to dust.
You feel strangely unstable.
It was a scroll of teleportation {!r}.
The bullfrog hits you!
* * * LOW HITPOINT WARNING * * *
The scorpion closely misses you. The worker ant completely misses you.
The bullfrog barely misses you.
The orc warrior hits you with a +0 dire flail!!
You die...
Your body crumbles into a pile of gold.

+......#
#............
#......#
#............
#......#
#............
#......#
#............
#......###
#...........Z
#.........#
###+##.....##
#.......o.#
#.....+
......sFB#
#.....#
.....o@.#
+.....#
.......#
#.....#
......#
#.....#
#######
#.....#
#.....##
#.......
#.......
#.......
+.......


You could see an orc warrior, a bullfrog, a scorpion, a worker ant and an orc.

Vanquished Creatures
  A deep elf mage (D:7)
  Eustachio (D:5)
  2 orc warriors
  3 ice beasts
  A phantom (D:7)
  2 centaurs
  2 ogres
  A big kobold (D:7)
  Blork the orc (D:5)
  4 bullfrogs
  5 scorpions
  A crimson imp (D:7)
  2 howler monkeys
  Crazy Yiuf (D:5)
  6 hounds
  2 jellies
  8 orc wizards
  2 orc priests
  Jessica (D:3)
  10 worker ants
  A worker ant zombie (D:7)
  7 adders
  2 river rats (D:5)
  3 shadow imps (D:7)
  3 white imps
  An ufetubus (D:6)
  3 adder zombies
  An adder skeleton (D:8)
  5 worms
  A dart slug (D:3)
  3 leopard geckos
  30 orcs
  6 giant cockroaches
  5 goblins
  8 hobgoblins
  10 jackals
  10 kobolds
  3 quokkas
  3 ball pythons
  10 bats
  5 frilled lizards
  7 rats
183 creatures vanquished.

Vanquished Creatures (others)
  4 toadstools (D:5)
4 creatures vanquished.

Grand Total: 187 creatures vanquished

Notes
Turn   | Place    | Note
-------+----------+-------------------------------------------
     0 | D:1      | sahdkjhfkaj the Kobold Earth Elementalist began the quest
                  | for the Orb.
     0 | D:1      | Reached XP level 1. HP: 10/10 MP: 3/3
   408 | D:1      | Reached XP level 2. HP: 15/15 MP: 3/5
  1200 | D:1      | Reached XP level 3. HP: 19/19 MP: 4/6
  2279 | D:2      | Reached XP level 4. HP: 24/24 MP: 5/7
  3072 | D:2      | Found a snail-covered altar of Cheibriados.
  3496 | D:3      | Reached skill level 5 in Earth Magic
  3547 | D:3      | Reached skill level 1 in Short Blades
  3585 | D:3      | Noticed Jessica
  3589 | D:3      | Reached skill level 1 in Fighting
  3589 | D:3      | Reached skill level 2 in Short Blades
  3589 | D:3      | Reached XP level 5. HP: 17/29 MP: 5/8
  3593 | D:3      | Killed Jessica
  3594 | D:3      | Reached skill level 3 in Short Blades
  3624 | D:3      | Reached XP level 6. HP: 19/35 MP: 2/9
  3927 | D:3      | Learned a level 2 spell: Passwall
  3932 | D:3      | Learned a level 4 spell: Petrify
  3970 | D:3      | Reached skill level 4 in Short Blades
  5149 | D:4      | Reached skill level 1 in Evocations
  5324 | D:4      | Found a broken altar of Ashenzari.
  5357 | D:4      | Reached skill level 5 in Short Blades
  5494 | D:4      | Upgraded the game from 0.26-a0-1002-g7355149c4d to
                  | 0.26-a0-1013-gf6ffb0d6bd
  5547 | D:4      | Reached XP level 7. HP: 29/41 MP: 4/10
  6650 | D:4      | Reached skill level 1 in Shields
  6830 | D:5      | Entered Level 5 of the Dungeon
  7134 | D:5      | Noticed Blork the orc
  7208 | D:4      | Reached skill level 6 in Short Blades
  7536 | D:5      | Killed Blork the orc
  7537 | D:5      | Reached XP level 8. HP: 33/46 MP: 1/11
  7648 | D:5      | Noticed Eustachio
  7710 | D:5      | Reached skill level 7 in Short Blades
  7721 | D:5      | Killed Eustachio
  7963 | D:5      | Found a staircase to the Ecumenical Temple.
  8027 | D:5      | Reached skill level 5 in Dodging
  8094 | Temple   | Entered the Ecumenical Temple
  8942 | D:5      | Found a runed translucent door.
  8945 | D:5      | Noticed Crazy Yiuf
  9125 | D:5      | Killed Crazy Yiuf
  9177 | D:6      | Found a hazy altar of Hepliaklqana.
  9178 | D:6      | Got a crystal dagger
  9182 | D:5      | Identified the +3 dagger of the Unliving {freeze, rC+
                  | Int+3} (You found it on level 6 of the Dungeon)
  9261 | D:6      | Reached skill level 8 in Short Blades
  9396 | D:6      | Gained mutation: You do not regenerate when monsters are
                  | visible. [mutagenic glow]
  9780 | D:5      | Reached XP level 9. HP: 9/52 MP: 3/12
 10043 | D:6      | Reached skill level 9 in Short Blades
 10669 | D:6      | Found Oschakan's Assorted Antiques.
 10759 | D:6      | Reached skill level 10 in Short Blades
 10821 | D:6      | Reached skill level 5 in Fighting
 11153 | D:7      | Found a glowing silver altar of Zin.
 11190 | D:7      | Found a bloodstained altar of Trog.
 11211 | D:7      | Noticed streetpizza's ghost (novice DrCj)
 11212 | D:7      | Found a runed translucent gate.
 11212 | D:7      | Found a runed translucent gate.
 11213 | D:7      | Found a runed translucent gate.
 11302 | D:7      | Found a glowing silver altar of Zin.
 11420 | D:7      | Found a burning altar of Makhleb.
 11420 | D:7      | Found a radiant altar of Vehumet.
 11426 | D:7      | Reached skill level 5 in Evocations
 11653 | D:7      | Found an opulent altar of Gozag.
 11654 | D:7      | Found a blossoming altar of Fedhas.
 11678 | D:7      | Found a sparkling altar of Nemelex Xobeh.
 11760 | D:7      | Became a worshipper of Gozag Ym Sagoz the Greedy
 12110 | D:7      | Noticed a deep elf mage
 12127 | D:7      | Killed a deep elf mage
 12173 | D:7      | Learned a level 5 spell: Lee's Rapid Deconstruction
 12223 | D:7      | Reached XP level 10. HP: 59/59 MP: 13/13
 12234 | D:7      | Reached skill level 11 in Short Blades
 13281 | D:7      | Reached skill level 12 in Short Blades
 13517 | D:8      | Demolished by an orc warrior

Illustrated notes

Levels and vault maps discovered:
D:1:      erik_arrival_cave_to_civilisation [erik_arrival_cave_to_hall],
          layout_basic, palyth_stone_intersect, fountainhead
D:2:      layout_loops_corners, lemuel_coloured_pillars_altar
D:3:      layout_basic, uniq_jessica
D:4:      layout_rooms, marbit_many_paths, hangedman_decor_diamond_cutter
D:5:      layout_loops_cross, minmay_temple_entry_enclosed_plants,
          portal_sewer_entry_b, minmay_gold_behind_fungi,
          uniq_crazy_yiuf_cottage, uniq_eustachio, uniq_blork_the_orc
D:6:      layout_loops_ring, serial_shops, shop, basic_altar,
          grunt_decor_clamped
D:7:      kennysheep_windowed_halls, layout_basic,
          grunt_temple_overflow_lords_of_destruction,
          nicolae_overflow_crystal_walls, lemuel_doored_altar,
          chequers_temple_overflow_statue_of_worship, ebering_ghost_rock_garden,
          basic_altar, nemelex_diamond_rough_becter
D:8:      cheibrodos_wizards_tower, layout_gridville, lemuel_crystal_altar,
          yredelemnul_altar_generic
Temple:   jpeg_temple_alley_garden

Skill      XL: |  1  2  3  4  5  6  7  8  9 10 |
---------------+-------------------------------+-----
Earth Magic    | 4 5 |  5.0
Short Blades   | 2 3 5 6 8 10 12 | 12.0
Fighting       | 1 2 3 4 5 |  5.0
Dodging        | 3 4 5 |  5.0
Evocations     | 1 2 4 5 |  5.0
Shields        | 1 2 4 |  4.1
Stealth        | |  2.6
Spellcasting   | |  2.1
Transmutations | |  1.0

Action                   |  1- 3 |  4- 6 |  7- 9 | 10-12 || total
-------------------------+-------+-------+-------+-------++-------
Melee: Unarmed           |    17 |    30 |       |    12 ||    59
       Short sword       |       |    79 |   104 |       ||   183
       Dagger            |       |       |   259 |    78 ||   337
Throw: Stone             |     4 |       |       |       ||     4
 Cast: Sandblast         |    58 |    54 |    29 |     3 ||   144
       Petrify           |       |       |    30 |     7 ||    37
       Lee's Rapid Decon |       |       |       |     2 ||     2
  Use: Scroll            |     4 |     3 |     4 |     2 ||    13
       Potion            |       |     2 |       |     2 ||     4
 Stab: Sleeping          |       |    10 |    27 |     2 ||    39
       Petrified         |       |       |    12 |       ||    12
       Distracted        |       |       |     3 |       ||     3
       Petrifying        |       |       |     6 |     1 ||     7
Armor: Robe              |     7 |    18 |    47 |     8 ||    80
       Skin              |       |     7 |       |     9 ||    16
Dodge: Dodged            |    32 |    73 |   271 |    64 ||   440

Table legend: (Time is in decaauts)
 A = Elapsed time spent in this place.
 B = Non-inter-level travel time spent in this place.
 C = Inter-level travel time spent in this place.
 D = Time resting spent in this place.
 E = Time spent auto-exploring this place.
 F = Levels seen in this place.
 G = Mean time per level.
                   A        B        C        D        E       F      G
               +--------+--------+--------+--------+--------+-----+--------+
         Total |  13322 |  12675 |    647 |   2752 |   7924 |   9 | 1480.2 |
       Dungeon |  13017 |  12416 |    601 |   2752 |   7667 |   8 | 1627.1 |
        Temple |    304 |    258 |     46 |      0 |    257 |   1 |  304.0 |
               +--------+--------+--------+--------+--------+-----+--------+

Top non-repeatable levels by time:
     D:3: 2404 daAuts
     D:5: 2196 daAuts
     D:1: 2035 daAuts
     D:7: 1972 daAuts
     D:6: 1405 daAuts
     D:4: 1381 daAuts
     D:2: 1271 daAuts
     D:8: 350 daAuts
  Temple: 304 daAuts
